 Dungeon Crawl Stone Soup version 0.21-a0-509-gecc5317 (webtiles) character file.

9548 theanonym the Grappler (level 11, 0/109 HPs)
             Began as a Yellow Draconian Transmuter on Nov 30, 2017.
             Was a Priest of Cheibriados.
             Slain by an eight-headed hydra (3 damage)
             ... on level 2 of the Lair of Beasts.
             The game lasted 00:42:21 (13985 turns).

theanonym the Grappler (DrTm)                      Turns: 13985, Time: 00:42:22

Health: 0/109      AC:  7    Str: 22    XL:     11   Next: 24%
Magic:  2/15       EV: 24    Int: 24    God:    Cheibriados [***...]
Gold:   641        SH:  0    Dex: 24    Spells: 4/16 levels left

rFire    x . .     SeeInvis .     - Unarmed
rCold    + + +     Gourm    .   (shield currently unavailable)
rNeg     . . .     Faith    .   (armour unavailable)
rPois    +         Spirit   .   (helmet currently unavailable)
rElec    .         Reflect  .   (cloak currently unavailable)
rCorr    .         Harm     .   (gloves currently unavailable)
MR       .....                  (boots currently unavailable)
Stlth    +++.......             (no amulet)
HPRegen  0.28/turn              B - +4 ring of evasion
MPRegen  0.14/turn              G - +4 ring of evasion

@: agile, ice-form, very slightly contaminated, very slow
A: large, (spit acid), (acid resistance), unfitting armour, mutation resistance
1, AC +7
a: End Transformation, Bend Time, Temporal Distortion, Renounce Religion


Innate Abilities, Weirdness & Mutations

((You can spit globs of acid.))
((You are resistant to acid.))
((Your golden yellow scales are hard. (AC +7)))
You cannot fit into any form of body armour.
((You are cold-blooded and may be slowed by cold attacks.))
You are somewhat resistant to further mutation.


   Skills:
 + Level 6.5 Fighting
 - Level 1.7 Dodging
 * Level 11.6 Unarmed Combat
 - Level 3.0 Spellcasting
 + Level 9.2 Transmutations
 - Level 6.0 Ice Magic
 - Level 3.0 Poison Magic
 - Level 3.9 Invocations


You had 4 spell levels left.
You knew the following spells:

 Your Spells              Type           Power        Failure   Level  Hunger
a - Beastly Appendage     Tmut           #####.       1%          1    None
b - Sticks to Snakes      Tmut           #####...     1%          2    ##.....
c - Spider Form           Tmut/Pois      ####......   2%          3    ###....
d - Ice Form              Ice/Tmut       #####...     4%          4    ####...
e - Blink                 Tloc           N/A          16%         2    ##.....

Skill      XL: |  1  2  3  4  5  6  7  8  9 10 11 |
---------------+----------------------------------+-----
Transmutations | 3 4 5 6 7 8 9 |  9.2
Poison Magic   | 1 2 3 |  3.0
Unarmed Combat | 4 5 6 7 9 11 | 11.6
Ice Magic      | 3 5 6 |  6.0
Spellcasting   | 3 |  3.0
Fighting       | 4 6 |  6.5
Invocations    | 3 |  3.9
Dodging        | |  1.7

Action                   |  1- 3 |  4- 6 |  7- 9 | 10-12 || total
-------------------------+-------+-------+-------+-------++-------
Melee: Unarmed           |   132 |   243 |   309 |   118 ||   802
       Kick              |    10 |    10 |       |       ||    20
       Tailslap          |    11 |    13 |    16 |     6 ||    46
       Headbutt          |     2 |       |     3 |     4 ||     9
       Punch             |       |       |     4 |     3 ||     7
 Cast: Beastly Appendage |     8 |     8 |     5 |     3 ||    24
       Sticks to Snakes  |       |     8 |    10 |    20 ||    38
       Spider Form       |       |    13 |    21 |     3 ||    37
       Ice Form          |       |       |    11 |    11 ||    22
Invok: Bend Time         |       |       |     1 |     2 ||     3
 Abil: End Transformatio |       |     2 |     1 |     1 ||     4
       Breathe Acid      |       |       |     3 |       ||     3
Evoke: Wand              |       |       |       |     3 ||     3
       Lamp of fire      |       |       |       |     1 ||     1
  Use: Scroll            |     2 |    11 |    11 |     6 ||    30
       Potion            |     2 |     1 |     2 |     2 ||     7
 Stab: Sleeping          |     1 |     2 |     2 |       ||     5
       Distracted        |       |       |     1 |       ||     1
  Eat: Chunk             |     1 |     8 |     3 |       ||    12
       Meat ration       |     1 |     1 |     1 |       ||     3
       Bread ration      |       |       |     3 |     1 ||     4
Armor: Skin              |    65 |    51 |    43 |    19 ||   178
Dodge: Dodged            |    83 |   187 |   217 |   117 ||   604
       Deflected         |       |       |     1 |     1 ||     2

Inventory:

Missiles
 a - 97 arrows
 i - a throwing net (quivered)
Armour
 l - a scarf of repulsion (melded)
   (You found it on level 2 of the Dungeon)
 q - a +1 hat (melded)
   (You found it on level 5 of the Dungeon)
 x - a +0 pair of boots (melded)
   (You found it on level 7 of the Dungeon)
Jewellery
 c - an uncursed ring of protection from fire {rF+}
   (You found it on level 1 of the Dungeon)
 j - an uncursed ring of flight {+Fly}
   (You found it on level 4 of the Dungeon)
 B - a +4 ring of evasion (left front paw)
   (You found it on level 8 of the Dungeon)
 G - a +4 ring of evasion (right front paw)
   (You found it on level 1 of the Lair of Beasts)
Wands
 d - a wand of digging (5)
   (You found it on level 6 of the Dungeon)
 u - a wand of iceblast (20)
   (You found it on level 6 of the Dungeon)
 H - a wand of flame (33)
   (You found it on level 1 of the Lair of Beasts)
Scrolls
 f - 3 scrolls of fog {!r}
 g - 2 scrolls of amnesia
 k - a scroll of fear {!r}
 o - 7 scrolls of remove curse
 r - 2 scrolls of identify
 s - 2 scrolls of enchant armour
 t - 2 scrolls of teleportation {!r}
 y - 2 scrolls of magic mapping {!r}
Potions
 n - a potion of cancellation
 v - a potion of brilliance
 w - 3 potions of curing
 A - a potion of agility
 C - a potion of magic
 D - a potion of resistance
 E - a potion of flight
Books
 h - a book of Cantrips
   (You found it on level 4 of the Dungeon)

   Spells                             Type                      Level
   a - Confusing Touch                Hexes                        1
   b - Animate Skeleton               Necromancy                   1
   c - Summon Small Mammal            Summoning                    1
   d - Apportation                    Translocation                1
 p - a book of Minor Magic
   (You found it on level 5 of the Dungeon)

   Spells                             Type                      Level
   a - Magic Dart                     Conjuration                  1
   b - Blink                          Translocation                2
   c - Call Imp                       Summoning                    2
   d - Slow                           Hexes                        2
   e - Conjure Flame                  Conjuration/Fire             3
   f - Mephitic Cloud                 Conjuration/Poison/Air       3
 z - a book of Changes

   Spells                             Type                      Level
   a - Beastly Appendage              Transmutation                1
   b - Sticks to Snakes               Transmutation                2
   c - Spider Form                    Transmutation/Poison         3
   d - Ice Form                       Ice/Transmutation            4
   e - Blade Hands                    Transmutation                5
Miscellaneous
 I - a lamp of fire (inert)
   (You found it on level 1 of the Lair of Beasts)
Comestibles
 e - 5 bread rations
 m - 4 royal jellies
 F - a meat ration
 J - 2 chunks of flesh

Dungeon Overview and Level Annotations

Branches:
Dungeon (9/15)             Temple (0/1) D:7            Lair (2/6) D:9
  Swamp: Lair:2-4    Shoals: Lair:2-4     Snake: Lair:2-4    Spider: Lair:2-4
    Orc: D:9-12

Altars:
Cheibriados
Dithmenos
Vehumet
The Shining One


You were on level 2 of the Lair of Beasts.
You worshipped Cheibriados.
Cheibriados was most pleased with you.
You were hungry.
You were a creature of crystalline ice.
You visited 2 branches of the dungeon, and saw 11 of its levels.

You collected 641 gold pieces.


Message History

As you read the scroll of blinking, it crumbles to dust.
Your adder barely misses the wolf.
Your adder bites the wolf but does no damage.
The wolf barely misses your adder.
You have no means to grasp a wand firmly enough.
Unknown command.
Unknown command.
Okay, then.
Unknown command.
Okay, then.
Unknown command.
Okay, then.
Okay, then.
Unknown command.
Okay, then.
You warm up again.
Your scarf of repulsion unmelds from your body.
Your +1 hat unmelds from your body.
Your +0 pair of boots unmelds from your body.
You are surrounded by a repulsion field.
Your adder bites the wolf.
The wolf is poisoned.
Your adder poisons the wolf!
You now have 19/91 hp.
Aim the lamp in which direction?
Aim: a wolf (heavily wounded, slow)
The trail of fire hits your adder.
You kill your adder!
The trail of fire hits your adder.
The trail of fire hits the eight-headed hydra.
The trail of fire hits the wolf.
You kill the wolf!
Cheibriados thoroughly appreciates the change of pace.
The eight-headed hydra is engulfed in blazing flames.
The adder is engulfed in blazing flames.
You kill the adder!
Okay, then.
Okay, then.
Unknown command.
Aim: an eight-headed hydra (moderately wounded) Really fire at your adder?
The mass of ice explodes!
The iceblast engulfs your adder.
You kill your adder!
The iceblast engulfs the eight-headed hydra.
Cheibriados appreciates the change of pace.
You feel a bit more experienced.
The hippogriff looks more healthy.
Aim: a hippogriff (moderately wounded)
The mass of ice explodes!
The iceblast engulfs the hippogriff.
You hear an angry hiss.
The hippogriff is engulfed in blazing flames.
Casting: Sticks to Snakes You turn into a creature of crystalline ice.
Your scarf of repulsion melds into your body.
Your +1 hat melds into your body.
Your +0 pair of boots melds into your body.
The haze of the repulsion field disappears.
* * * LOW MAGIC WARNING * * *
You now have 24/109 hp.
Okay, then.
You create 2 snakes!
You now have 97 arrows.
* * * LOW MAGIC WARNING * * *
The hippogriff is engulfed in blazing flames.
You kill the hippogriff!
Cheibriados appreciates the change of pace.
You now have 1/15 mp.
The wolf is no longer moving slowly.
The wolf is engulfed in blazing flames.
The hippogriff is engulfed in blazing flames.
Your adder barely misses the hippogriff.
You hit the hippogriff but do no damage.
The hippogriff bites you!
* * * LOW HITPOINT WARNING * * *
The hippogriff misses you.
The hippogriff claws you but does no damage.
Your adder bites the hippogriff.
You take 9 damage, and have 16/109 hp.
You pummel the hippogriff!! You freeze the hippogriff.
You kill the hippogriff!
Cheibriados appreciates the change of pace.
The eight-headed hydra bites your adder.
The eight-headed hydra bites your adder!
Your adder dies!
The eight-headed hydra barely misses your adder.
The eight-headed hydra bites your adder!
Your adder dies!
You feel better.
You regained 7 hp, and now have 24/109 hp.
You hit the eight-headed hydra.
The eight-headed hydra seems to slow down.
You freeze the eight-headed hydra.
The wolf bites something!
You barely miss the eight-headed hydra.
The eight-headed hydra is no longer moving slowly.
The wolf bites something!
The eight-headed hydra closely misses you.
The eight-headed hydra barely misses you.
The eight-headed hydra completely misses you.
The eight-headed hydra bites you!
* * * LOW HITPOINT WARNING * * *
The eight-headed hydra completely misses you.
The eight-headed hydra bites you!
* * * LOW HITPOINT WARNING * * *
The eight-headed hydra bites you.
You die...

#..##S....# #......†.#
#...#.#†## ........##
.P.##....# .. #....## #
##Ph..# ##D### #Y.##
##..# #.## #.# ## ##.###
## ###.###P##P...### ...
................####..#.
##...####.#.............
#..........####.<.....#


You could see an eight-headed hydra and a wolf.

Notes
Turn   | Place    | Note
-------+----------+-------------------------------------------
     0 | D:1      | theanonym the Draconian Transmuter began the quest for the Orb.
     0 | D:1      | Reached XP level 1. HP: 16/16 MP: 3/3
   153 | D:1      | HP: 7/16 [rat (2)]
   160 | D:1      | HP: 6/16 [jackal (1)]
   163 | D:1      | HP: 1/16 [jackal (2)]
   484 | D:1      | Reached XP level 2. HP: 17/23 MP: 5/5
   567 | D:1      | Learned a level 2 spell: Sticks to Snakes
   601 | D:1      | HP: 11/23 [frilled lizard (1)]
  1101 | D:2      | HP: 11/23 [poisoned by an adder]
  1102 | D:2      | Reached XP level 3. HP: 9/28 MP: 4/6
  1103 | D:2      | Gained mutation: You are somewhat resistant to further mutation. [potion of mutation]
  1107 | D:2      | HP: 5/28 [poisoned by an adder]
  1304 | D:2      | Noticed a sky beast
  1329 | D:1      | HP: 12/28 [something (6)]
  1341 | D:1      | HP: 10/28 [something (3)]
  1341 | D:1      | HP: 4/28 [something (6)]
  1606 | D:1      | Learned a level 3 spell: Spider Form
  1902 | D:2      | Reached skill level 3 in Transmutations
  2284 | D:2      | Reached skill level 1 in Poison Magic
  2353 | D:2      | Reached XP level 4. HP: 33/35 MP: 5/7
  2368 | D:2      | Reached skill level 4 in Unarmed Combat
  2666 | D:3      | HP: 16/35 [leopard gecko (3)]
  3084 | D:3      | Noticed p0werm0de's ghost (weakling GrCK)
  3120 | D:3      | HP: 17/35 [orc wizard/magic dart (4)]
  3123 | D:3      | Reached skill level 2 in Poison Magic
  3123 | D:3      | Reached XP level 5. HP: 20/40 MP: 0/8
  3169 | D:3      | HP: 16/40 [p0werm0de's ghost (6)]
  3499 | D:3      | Killed p0werm0de's ghost
  4301 | D:3      | Noticed Natasha
  4308 | D:3      | Killed Natasha
  4308 | D:3      | Reached skill level 4 in Transmutations
  4347 | D:3      | Noticed Natasha
  4354 | D:3      | Killed Natasha
  4354 | D:3      | Reached XP level 6. HP: 30/47 MP: 5/9
  4362 | D:3      | HP: 22/47 [adder (2)]
  4367 | D:3      | HP: 21/47 [poisoned by an adder]
  4372 | D:3      | HP: 16/47 [poisoned by an adder]
  4423 | D:3      | Noticed Natasha
  4423 | D:3      | HP: 20/47 [Natasha/magic dart (4)]
  4427 | D:3      | Killed Natasha
  4874 | D:4      | Reached skill level 3 in Poison Magic
  4883 | D:4      | HP: 23/47 [poisoned by an adder]
  4888 | D:4      | HP: 21/47 [poisoned by an adder]
  4896 | D:4      | HP: 21/47 [poisoned by an adder]
  5223 | D:4      | Reached skill level 5 in Unarmed Combat
  5594 | D:4      | HP: 17/47 [orc priest/divine providence (12)]
  5596 | D:4      | Your scales start taking on a golden yellow colour.
  5596 | D:4      | Reached XP level 7. HP: 15/52 MP: 7/10
  6021 | D:4      | Learned a level 4 spell: Ice Form
  6022 | D:5      | Entered Level 5 of the Dungeon
  6058 | D:5      | Reached skill level 1 in Ice Magic
  6143 | D:5      | Reached skill level 6 in Unarmed Combat
  6143 | D:5      | Reached skill level 5 in Transmutations
  6240 | D:5      | Reached skill level 2 in Ice Magic
  6853 | D:5      | HP: 23/52 [orc priest/divine providence (14)]
  6854 | D:5      | HP: 11/52 [orc priest/divine providence (12)]
  6857 | D:5      | Reached skill level 3 in Ice Magic
  7554 | D:6      | Found a snail-covered altar of Cheibriados.
  7566 | D:6      | Became a worshipper of Cheibriados the Contemplative
  7790 | D:6      | Found a glowing golden altar of the Shining One.
  7898 | D:6      | You fall through a shaft for 2 floors!
  7919 | D:8      | Reached XP level 8. HP: 59/59 MP: 7/11
  8069 | D:7      | Reached skill level 4 in Ice Magic
  8075 | D:7      | Noticed theanonym's ghost (novice DrTm)
  8078 | D:7      | HP: 31/70 [something (6)]
  8374 | D:8      | Reached * piety under Cheibriados
  8387 | D:8      | Noticed a hornet
  8396 | D:8      | HP: 35/70 [poisoned by a hornet]
  8398 | D:8      | Killed a hornet
  8398 | D:8      | Reached skill level 7 in Unarmed Combat
  8398 | D:8      | Reached skill level 6 in Transmutations
  8398 | D:8      | Reached skill level 5 in Ice Magic
  8403 | D:8      | HP: 30/70 [poisoned by a hornet]
  8410 | D:8      | HP: 30/70 [poisoned by a hornet]
  8418 | D:8      | HP: 29/70 [poisoned by a hornet]
  8841 | D:6      | Found a radiant altar of Vehumet.
  8952 | D:6      | Found a shadowy altar of Dithmenos.
  9241 | D:6      | Found a shadowy altar of Dithmenos.
  9447 | D:7      | Found a glowing golden altar of the Shining One.
  9470 | D:7      | Found a staircase to the Ecumenical Temple.
  9491 | D:7      | HP: 25/59 [orc wizard/puff of flame (6)]
 10009 | D:7      | Reached XP level 9. HP: 64/64 MP: 3/12
 10016 | D:7      | Killed theanonym's ghost
 10016 | D:7      | Reached skill level 8 in Unarmed Combat
 10124 | D:7      | Reached skill level 3 in Spellcasting
 10124 | D:7      | Reached skill level 6 in Ice Magic
 10205 | D:7      | HP: 31/76 [phantom (10)]
 10207 | D:7      | HP: 6/76 [orc warrior/halberd (19)]
 10852 | D:7      | Reached ** piety under Cheibriados
 10852 | D:7      | Reached skill level 7 in Transmutations
 11196 | D:8      | Reached skill level 2 in Fighting
 11575 | D:9      | Reached skill level 9 in Unarmed Combat
 11692 | D:9      | Learned a level 2 spell: Blink
 11734 | D:9      | Reached skill level 3 in Fighting
 11739 | D:9      | Noticed a death yak
 11772 | D:9      | Killed a death yak
 11893 | D:9      | Noticed a two-headed ogre
 11900 | D:9      | Killed a two-headed ogre
 11900 | D:9      | Reached skill level 4 in Fighting
 11900 | D:9      | Reached XP level 10. HP: 79/79 MP: 3/14
 11935 | D:9      | Reached skill level 10 in Unarmed Combat
 11935 | D:9      | Reached skill level 8 in Transmutations
 11954 | D:9      | Reached *** piety under Cheibriados
 12045 | D:9      | Noticed a cyclops
 12060 | D:9      | HP: 38/80 [wyvern zombie (5)]
 12067 | D:9      | HP: 30/80 [cyclops (4)]
 12072 | D:9      | Killed a cyclops
 12302 | D:9      | Found a staircase to the Lair.
 12302 | D:9      | Noticed a death yak
 12309 | D:9      | Noticed a death yak
 12311 | D:9      | Noticed a death yak
 12312 | D:9      | Noticed a death yak
 12312 | D:9      | Noticed a death yak
 12317 | D:9      | HP: 34/96 [death yak (18)]
 12318 | D:9      | Killed a death yak
 12318 | D:9      | Reached skill level 5 in Fighting
 12318 | D:9      | Reached skill level 1 in Invocations
 12863 | Lair:1   | Entered Level 1 of the Lair of Beasts
 12865 | Lair:1   | Noticed a spiny frog
 12914 | Lair:1   | Killed a spiny frog
 12918 | Lair:1   | Reached skill level 2 in Invocations
 13043 | Lair:1   | Noticed a spiny frog
 13057 | Lair:1   | Killed a spiny frog
 13187 | Lair:1   | Reached skill level 11 in Unarmed Combat
 13197 | Lair:1   | Reached skill level 3 in Invocations
 13310 | Lair:1   | Noticed a black mamba
 13322 | Lair:1   | Killed a black mamba
 13322 | Lair:1   | Reached skill level 6 in Fighting
 13361 | Lair:1   | Noticed a spiny frog
 13370 | Lair:1   | Killed a spiny frog
 13370 | Lair:1   | Reached XP level 11. HP: 89/89 MP: 15/15
 13626 | Lair:1   | Reached skill level 9 in Transmutations
 13960 | Lair:2   | Noticed an eight-headed hydra
 13967 | Lair:2   | HP: 45/108 [spiny frog (22)]
 13978 | Lair:2   | HP: 16/109 [hippogriff (9)]
 13985 | Lair:2   | HP: 18/109 [eight-headed hydra (7)]
 13985 | Lair:2   | HP: 3/109 [eight-headed hydra (15)]
 13985 | Lair:2   | Slain by an eight-headed hydra

Vanquished Creatures
  A death yak (D:9)
  A cyclops (D:9)
  A black mamba (Lair:1)
  The ghost of theanonym the Ruffian, a novice DrTm (D:7)
  5 spiny frogs
  A komodo dragon (Lair:2)
  A hornet (D:8)
  4 hippogriffs
  5 blink frogs (Lair:1)
  2 water moccasins (Lair:1)
  3 orc warriors
  An ice beast (D:8)
  2 sky beasts
  2 phantoms
  2 wolves (Lair:2)
  3 centaurs
  2 ogres
  A crocodile (Lair:1)
  2 bullfrogs (D:8)
  A wyvern zombie (D:9)
  A scorpion (D:5)
  5 killer bees (D:9)
  5 wights (D:7)
  2 howler monkeys
  5 crimson imps
  A centaur zombie (D:9)
  A quasit (D:9)
  2 jellies
  3 orc priests
  A bullfrog zombie (D:5)
  5 orc wizards
  6 hounds
  2 bullfrog skeletons
  2 centaur skeletons
  3 iguanas
  Natasha (thrice) (D:3)
  2 worker ants
  The ghost of p0werm0de the Skirmisher, a weakling GrCK of Xom (D:3)
  A worker ant zombie (D:9)
  8 adders
  3 gnolls (D:6)
  A shadow imp (D:5)
  An adder zombie (D:7)
  3 worms
  3 dart slugs
  4 leopard geckos
  20 orcs
  16 giant cockroaches
  8 goblins
  7 hobgoblins
  11 jackals
  3 quokkas
  2 ball pythons
  9 bats
  6 frilled lizards
  6 kobolds
  A leopard gecko skeleton (D:6)
  A quokka skeleton (D:4)
  A quokka zombie (D:5)
  9 rats
215 creatures vanquished.

Vanquished Creatures (collateral kills)
  A death yak (D:9)
  A two-headed ogre (D:9)
  A wolf (Lair:2)
  An orc wizard (D:7)
  A worm (D:3)
  2 orcs (D:7)
  A goblin (D:7)
8 creatures vanquished.

Vanquished Creatures (others)
  2 fungi (Lair:2)
  2 plants (Lair:2)
4 creatures vanquished.

Grand Total: 227 creatures vanquished
